 Dungeon Crawl Stone Soup version 0.20.1-1-g8b1a95d (webtiles) character file.

58 ANON1729 the Firebug (level 4, -2/24 HPs)
             Began as a Tengu Fire Elementalist on July 28, 2017.
             Slain by an adder (5 damage)
             ... on level 2 of the Dungeon.
             The game lasted 00:03:59 (1572 turns).

ANON1729 the Firebug (Tengu Fire Elementalist)      Turns: 1572, Time: 00:04:00

Health: -2/24      AC:  2    Str:  8    XL:     4   Next: 1%
Magic:  0/9        EV: 12    Int: 17    God:
Gold:   69         SH:  0    Dex: 14    Spells: 4/8 levels left

rFire    . . .     SeeInvis .   i - +1 dagger (pain)
rCold    . . .     Gourm    .   (no shield)
rNeg     . . .     Faith    .   a - +0 robe
rPois    .         Spirit   .   (helmet restricted)
rElec    .         Reflect  .   (no cloak)
rCorr    .         Harm     .   (no gloves)
MR       .....                  (boots unavailable)
Stlth    ++........             (no amulet)
Regen    0.1/turn               (no ring)
MPRegen  0.2/turn               (no ring)

@: no status effects
A: beak, talons 3
a: no special abilities


You were on level 2 of the Dungeon.
You were hungry.

You visited 1 branch of the dungeon, and saw 2 of its levels.

You collected 69 gold pieces.

Inventory:

Hand Weapons
 i - a +1 dagger of pain (weapon)
Armour
 a - a +0 robe (worn)
Jewellery
 e - an uncursed ring of poison resistance {unknown}
Scrolls
 g - a scroll of teleportation {unknown}
 l - a scroll of noise {unknown}
 p - a scroll of remove curse {unknown}
Potions
 d - a potion of curing {unknown}
 h - a potion of might
 j - 2 potions of flight {unknown}
 k - a potion of brilliance {unknown}
 m - a potion of heal wounds {unknown}
 o - 2 potions of mutation {unknown}
 r - a potion of haste {unknown}
Books
 b - a book of Flames

   Spells                             Type                      Level
   a - Flame Tongue                   Conjuration/Fire             1
   b - Throw Flame                    Conjuration/Fire             2
   c - Conjure Flame                  Conjuration/Fire             3
   d - Inner Flame                    Hexes/Fire                   3
   e - Sticky Flame                   Conjuration/Fire             4
   f - Fireball                       Conjuration/Fire             5
Comestibles
 c - a bread ration
 n - a meat ration
 q - 2 fruits
 s - a royal jelly


   Skills:
 - Level 2.2 Dodging
 - Level 2.2 Stealth
 + Level 2.9 Spellcasting
 + Level 2.5 Conjurations
 + Level 3.8 Fire Magic


You had 4 spell levels left.
You knew the following spells:

 Your Spells              Type           Power        Failure   Level  Hunger
a - Flame Tongue          Conj/Fire      ##...        4%          1    #......
b - Conjure Flame         Conj/Fire      ##......     14%         3    ###....


Dungeon Overview and Level Annotations

Branches:
Dungeon (2/15)

Altars:
Qazlal


Innate Abilities, Weirdness & Mutations

You have a beak for a mouth.
You have claws for feet.


Message History

i - a +1 dagger of pain (weapon)
The adder bites you.
You barely miss the adder. Your kick misses the adder. The adder bites you.
* * * LOW HITPOINT WARNING * * *
Casting: Flame Tongue
Confirm with . or Enter, or press ? or * to list all spells.
Aiming: Flame Tongue
Press: ? - help, Shift-Dir - straight line, f/p - adder
Aim: an adder The flame tongue hits the adder.
The adder is heavily wounded.
The adder bites you.
* * * LOW HITPOINT WARNING * * *
The adder bites you.
* * * LOW HITPOINT WARNING * * *
You closely miss the adder. You claw the adder, but do no damage.
You peck the adder, but do no damage.
The adder is heavily wounded.
The adder bites you.
You die...

#....###.######.......#
#....###.........##...#
......#..............##...#
...#. #.###############...#
.#). #..# ##### ####.##.###
...?8.†...# .[##.####S# #
#@# #...# ##.## #. #. .. .#
##


You could see an adder.

Vanquished Creatures
  An adder (D:2)
  A worm (D:2)
  2 dart slugs (D:1)
  12 giant cockroaches
  2 goblins (D:1)
  3 hobgoblins
  4 jackals (D:1)
  A bat (D:1)
  4 frilled lizards
  4 kobolds
  3 rats
37 creatures vanquished.

Notes
Turn   | Place    | Note
-------+----------+-------------------------------------------
     0 | D:1      | ANON1729 the Tengu Fire Elementalist began the quest for the Orb.
     0 | D:1      | Reached XP level 1. HP: 10/10 MP: 4/4
   106 | D:1      | Reached XP level 2. HP: 7/15 MP: 4/6
  1005 | D:2      | Reached XP level 3. HP: 19/19 MP: 3/7
  1010 | D:2      | Learned a level 3 spell: Conjure Flame
  1456 | D:2      | Found a stormy altar of Qazlal.
  1559 | D:2      | Reached XP level 4. HP: 22/24 MP: 0/9
  1572 | D:2      | Slain by an adder

Skill      XL: |  1  2  3 |
---------------+----------+-----
Conjurations   | 2 |  2.5
Dodging        | |  2.2
Stealth        | |  2.2
Spellcasting   | |  2.9
Fire Magic     | |  3.8

Action                   |  1- 3 |  4- 6 || total
-------------------------+-------+-------++-------
Melee: Unarmed           |    45 |     4 ||    49
       Peck              |     8 |     2 ||    10
       Kick              |     8 |     2 ||    10
       Dagger            |       |     2 ||     2
 Cast: Flame Tongue      |    61 |     3 ||    64
  Eat: Chunk             |     2 |       ||     2
Armor: Robe              |    16 |     1 ||    17
Dodge: Dodged            |    48 |     3 ||    51
